 Dungeon Crawl Stone Soup version 0.25-a0-523-g9afb2ee040 (webtiles) character file.

Game seed: 11059543997305515777, levelgen mode: deterministic

2344 Flugslaktarn the Cleaver (level 9, -7/81 HPs)
             Began as a Deep Dwarf Fighter on Feb 18, 2020.
             Was a Follower of Makhleb.
             Mangled by an orc warrior
             ... wielding a +0 war axe
              (20 damage)
             ... in a bailey.
             The game lasted 00:02:17 (3232 turns).

Flugslaktarn the Cleaver (Deep Dwarf Fighter)       Turns: 3232, Time: 00:02:17

Health: -7/81      AC:  7    Str: 23    XL:     9   Next: 20%
Magic:  6/6        EV:  8    Int:  9    God:    Makhleb [*.....]
Gold:   201        SH: 11    Dex: 12    Spells: 8/8 levels left

rFire    . . .     SeeInvis .   a - +0 war axe
rCold    . . .     Gourm    .   c - +0 kite shield
rNeg     . . .     Faith    .   b - +0 scale mail
rPois    .         Spirit   .   (no helmet)
rElec    .         Reflect  .   (no cloak)
rCorr    .         Harm     .   (no gloves)
MR       +....                  (no boots)
Stlth    ..........             (no amulet)
HPRegen  0.00/turn              (no ring)
MPRegen  0.10/turn              (no ring)

@: non-regenerating
A: damage resistance, heal wounds, sense surroundings 2, no regeneration
a: Heal Wounds, Renounce Religion


You were in a bailey.
You worshipped Makhleb.
Makhleb was aware of your devotion.
You were hungry.

You visited 1 branch of the dungeon, and saw 8 of its levels.
You also visited: Bailey.

You collected 201 gold pieces.

Inventory:

Hand Weapons
 a - a +0 war axe (weapon)
Missiles
 f - a throwing net (quivered)
Armour
 b - a +0 scale mail (worn)
 c - a +0 kite shield (worn)
 l - a +0 cloak
   (You found it on level 2 of the Dungeon)
Jewellery
 v - an uncursed ring of ice {unknown}
   (You found it on level 4 of the Dungeon)
Wands
 i - a wand of iceblast (24)
   (You found it on level 2 of the Dungeon)
 p - a wand of acid (6)
   (You found it on level 3 of the Dungeon)
Scrolls
 h - a scroll of blinking {unknown}
 j - 3 scrolls of teleportation {unknown}
 m - a scroll of fog {unknown}
 n - 3 scrolls of remove curse {unknown}
 r - a scroll of enchant weapon {unknown}
 s - 4 scrolls of identify {unknown}
 w - 3 scrolls of enchant armour {unknown}
 x - a scroll of magic mapping {unknown}
Potions
 d - 2 potions of might
 g - 2 potions of heal wounds {unknown}
 k - a potion of stabbing {unknown}
 o - a potion of flight {unknown}
 q - a potion of brilliance {unknown}
 t - a potion of ambrosia {unknown}
 u - a potion of degeneration {unknown}
 A - 2 potions of magic {unknown}
Comestibles
 e - 8 rations
 z - 5 chunks of flesh


   Skills:
 + Level 5.4 Fighting
 * Level 8.4 Axes
 + Level 6.6 Armour
 + Level 6.5 Shields
 + Level 5.1 Invocations


You had 8 spell levels left.
You didn't know any spells.
Your spell library was empty.

Dungeon Overview and Level Annotations

Branches:
Dungeon (9/15)             Temple (0/1) D:6          Bailey (1/1)
   Lair: D:8-11         Orc: D:9-12

Altars:
Dithmenos
Makhleb
Sif Muna
Wu Jian
Xom

Annotations:
Bailey 3 runed translucent doors


Innate Abilities, Weirdness & Mutations

You are resistant to damage.
You can heal yourself by infusing magical energy.
You passively map the area around you.
You do not regenerate.


Message History

You are too injured to fight recklessly!
You are too injured to fight recklessly!
You are too injured to fight recklessly!
You are too injured to fight recklessly!
You are too injured to fight recklessly!
You are too injured to fight recklessly!
You are too injured to fight recklessly!
You are too injured to fight recklessly!
You are too injured to fight recklessly!
You closely miss the orc warrior.
The orc warrior is heavily wounded.
You block the orc warrior's attack.
Your shield prevents you from hitting the orc warrior.
The orc warrior is heavily wounded.
The orc warrior hits you with a +0 war axe!
* * * LOW HITPOINT WARNING * * *
Your shield and scale mail prevent you from hitting the orc warrior.
The orc warrior is heavily wounded.
The orc warrior hits you with a +0 war axe!!
You die...

≈ ≈≈.8...8.≈≈#.≈≈≈...
,###' ##.......###'###..♣
#...,#≈.8...8.≈#....##.♣
*
.....#≈≈≈≈≈≈≈≈≈#())..##♣
*
.....####≈≈≈####.(....##
.8......#+++#......8...#
.......................#
......o................#
*
,.8..8.)@........8..8..##
......(#######.......##
*#!....# ##.....## ##!$.#
##...## #### #####


You could see an orc warrior.

Vanquished Creatures
  An orc knight (Bailey)
  Grinder (D:5)
  A hippogriff (D:9)
  Duvessa (D:5)
  An orc warrior (Bailey)
  An eye of draining (D:8)
  2 phantoms
  An ogre (D:6)
  3 centaurs
  A big kobold (D:9)
  A bullfrog (D:6)
  Dowan (D:5)
  3 scorpions
  A howler monkey (D:5)
  A crimson imp (D:9)
  A bullfrog skeleton (D:4)
  A centaur skeleton (D:4)
  An orc priest (D:4)
  2 orc wizards (D:4)
  A worker ant (D:6)
  A howler monkey skeleton (D:4)
  5 adders
  2 gnolls (D:8)
  An adder zombie (D:9)
  3 leopard geckos
  14 orcs
  2 bats (D:1)
  3 giant cockroaches
  8 goblins
  3 hobgoblins
  8 jackals
  2 quokkas (D:6)
  2 frilled lizards (D:1)
  18 kobolds
  A quokka zombie (D:5)
  5 rats
104 creatures vanquished.

Notes
Turn   | Place    | Note
-------+----------+-------------------------------------------
     0 | D:1      | Flugslaktarn the Deep Dwarf Fighter began the quest for the
                  | Orb.
     0 | D:1      | Reached XP level 1. HP: 20/20 MP: 1/1
    68 | D:1      | Reached XP level 2. HP: 25/27 MP: 2/2
   261 | D:3      | Reached skill level 3 in Axes
   261 | D:3      | Reached XP level 3. HP: 11/33 MP: 3/3
   439 | D:3      | Found a shimmering altar of Xom.
   596 | D:4      | Reached XP level 4. HP: 28/42 MP: 4/4
   622 | D:4      | Reached XP level 5. HP: 31/49 MP: 5/5
   646 | D:4      | Reached skill level 4 in Axes
   735 | D:4      | Found a shadowy altar of Dithmenos.
   751 | D:4      | Noticed a phantom
   777 | D:4      | Killed a phantom
   814 | D:4      | Reached XP level 6. HP: 34/57 MP: 6/6
   883 | D:4      | Found an ornate altar of the Wu Jian Council.
   931 | D:4      | Reached skill level 5 in Axes
  1287 | D:5      | Entered Level 5 of the Dungeon
  1611 | D:5      | Found a burning altar of Makhleb.
  1694 | D:5      | Became a worshipper of Makhleb the Destroyer
  2103 | D:5      | Noticed Grinder
  2105 | D:5      | Noticed Dowan
  2111 | D:5      | Noticed Duvessa
  2112 | D:5      | Paralysed by Grinder for 3 turns
  2261 | D:5      | Reached skill level 1 in Invocations
  2261 | D:5      | Reached XP level 7. HP: 27/64 MP: 6/6
  2273 | D:5      | Killed Duvessa
  2273 | D:5      | Reached skill level 5 in Armour
  2296 | D:5      | Killed Dowan
  2296 | D:5      | Reached skill level 5 in Shields
  2297 | D:5      | Killed Grinder
  2297 | D:5      | Reached skill level 6 in Axes
  2659 | D:6      | Reached XP level 8. HP: 32/73 MP: 8/8
  2733 | D:6      | Found a staircase to the Ecumenical Temple.
  2821 | D:6      | You fall into a shaft and drop 3 floors!
  2830 | D:9      | Noticed a hippogriff
  2844 | D:9      | Reached skill level 7 in Axes
  2849 | D:9      | Killed a hippogriff
  2859 | D:9      | Reached * piety under Makhleb
  2995 | D:8      | Reached skill level 5 in Fighting
  3004 | D:8      | Found a shimmering blue altar of Sif Muna.
  3055 | D:8      | Found a flagged portal.
  3081 | Bailey   | Entered a bailey
  3086 | Bailey   | Noticed an orc warlord
  3108 | Bailey   | Reached skill level 8 in Axes
  3144 | Bailey   | Noticed an orc knight
  3193 | Bailey   | Killed an orc knight
  3193 | Bailey   | Reached skill level 5 in Invocations
  3193 | Bailey   | Gained mutation: You passively map the area around you.
                  | [Deep Dwarf growth]
  3193 | Bailey   | Reached XP level 9. HP: 15/81 MP: 6/6
  3207 | Bailey   | Found a runed translucent gate.
  3209 | Bailey   | Found a runed translucent gate.
  3211 | Bailey   | Found a runed translucent gate.
  3232 | Bailey   | Mangled by an orc warrior

Levels and vault maps discovered:
D:1:      shiori_arrival_elements, layout_basic, corexii_leaking_fountain
D:2:      layout_basic, lemuel_doored_altar, first_ration
D:3:      layout_basic, xom_butterflies, nicolae_tso_carved_into_rock,
          chequers_ecumenical_altar_simple
D:4:      layout_basic, lemuel_round_altar, nicolae_dithmenos_shadow_blocks,
          kennysheep_generic_room_14
D:5:      layout_layer_cave, old_standard_altar, uniq_duvessa, uniq_grinder
D:6:      layout_cave_pods, minmay_temple_entry_wispy,
          hangedman_abyss_or_decor_passed, uniq_blork_the_orc
D:8:      lemuel_bear_cage, layout_rooms, overflow_temple_1_default,
          lightli_bailey_entry_fortress, minivault_29
D:9:      lemuel_upstairs_altar, layout_gridville, lemuel_round_altar,
          ashenzari_altar_1
Bailey:   bailey_axe_bossmonster_kennysheep, bailey

Skill      XL: |  1  2  3  4  5  6  7  8 |
---------------+-------------------------+-----
Axes           | 3 4 5 6 8 |  8.4
Fighting       | 3 4 5 |  5.4
Armour         | 4 5 6 |  6.6
Shields        | 4 5 6 |  6.5
Invocations    | 1 2 5 |  5.1

Action                   |  1- 3 |  4- 6 |  7- 9 || total
-------------------------+-------+-------+-------++-------
Melee: War axe           |   111 |   141 |   219 ||   471
       Unarmed           |       |     8 |       ||     8
 Abil: Heal Wounds       |     1 |     4 |    24 ||    29
Evoke: Wand              |       |       |     1 ||     1
  Eat: Chunk             |       |     4 |     4 ||     8
Armor: Scale mail        |    73 |    67 |    87 ||   227
       Skin              |       |       |     8 ||     8
Dodge: Dodged            |    55 |    37 |   112 ||   204
Block: Kite shield       |   111 |    67 |   171 ||   349

Table legend:
 A = Non-vault XP
 B = Vault XP
 C = Vault XP percentage of total XP
 D = Non-vault monster count
 E = Vault monster count
 F = Vault count percentage of total count
                 A         B        C        D         E       F
            +---------+---------+-------+---------+---------+-------
      Total |    2008 |    1341 |  40.0 |      77 |      27 |  26.0
            +---------+---------+-------+---------+---------+-------
        D:1 |      17 |       0 |   0.0 |      12 |       0 |   0.0
        D:2 |      18 |       0 |   0.0 |       3 |       0 |   0.0
        D:3 |      23 |       0 |   0.0 |      11 |       0 |   0.0
        D:4 |     455 |       3 |   0.7 |      15 |       1 |   6.2
        D:5 |     273 |     518 |  65.5 |      13 |       3 |  18.8
        D:6 |     433 |       0 |   0.0 |      10 |       0 |   0.0
        D:8 |     364 |      40 |   9.9 |       3 |       7 |  70.0
        D:9 |     425 |       0 |   0.0 |      10 |       0 |   0.0
     Bailey |       0 |     780 | 100.0 |       0 |      16 | 100.0
            +---------+---------+-------+---------+---------+-------
